 Dungeon Crawl Stone Soup version 0.31.0-11-ge490571c62 (webtiles) character file.

Game seed: 17939312948937548997

135 H0rd4k the Trooper (level 5, -9/43 HPs)
             Began as a Human Artificer on Feb 8, 2024.
             Was an Initiate of Gozag.
             Splashed by a jelly's acid (10 damage)
             ... on level 4 of the Dungeon.
             The game lasted 00:03:16 (3775 turns).

H0rd4k the Trooper (Human Artificer)                Turns: 3775, Time: 00:03:17

Health: -9/43      AC:  2    Str: 12    XL:     5   Next: 18%
Magic:  5/5        EV:  9    Int: 15    God:    Gozag
Gold:   317        SH:  0    Dex: 21    Spells: 4/4 levels left

rFire   . . .        A - +0 mace
rCold   . . .        (no shield)
rNeg    . . .        y - +0 scale mail "Koplonwu" {-Tele Int+2 Dex+7}
rPois   .            (no helmet)
rElec   .            (no cloak)
rCorr   .            (no gloves)
SInv    .            (no boots)
Will    .....        (no amulet)
Stlth   +            (no ring)
HPRegen 0.27/turn    (no ring)
MPRegen 0.09/turn

%: no teleportation
@: corroded
A: explore regen
a: Renounce Religion, Potion Petition, Call Merchant, Bribe Branch


You were on level 4 of the Dungeon.
You worshipped Gozag.
Gozag was aware of your devotion.
You visited 1 branch of the dungeon, and saw 4 of its levels.

You collected 371 gold pieces.
You paid 54 gold pieces to Gozag.

Inventory:

Hand Weapons
 A - a +0 mace (weapon)
Missiles
 u - 5 silver javelins
Armour
 b - a +0 leather armour
 y - the +0 scale mail "Koplonwu" (worn) {-Tele Int+2 Dex+7}
   (You found it on level 4 of the Dungeon)

   Int+2:     It affects your intelligence (+2).
   Dex+7:     It affects your dexterity (+7).
   -Tele:     It prevents most forms of teleportation.
Magical Staves
 x - a staff of earth
Jewellery
 h - a ring of fire
 w - a ring of flight
 B - a ring of poison resistance
Talismans
 j - a maw talisman
Wands
 c - a wand of flame (7) (quivered)
 d - a wand of charming (12)
 e - a wand of iceblast (11)
 o - a wand of paralysis (8)
Scrolls
 a - a scroll of amnesia {unknown}
 k - a scroll of silence {unknown}
 l - 3 scrolls of fog {unknown}
 m - a scroll of immolation {unknown}
 n - a scroll of enchant armour {unknown}
 q - 3 scrolls of vulnerability {unknown}
 r - 4 scrolls of identify {unknown}
 v - 4 scrolls of teleportation {unknown}
Potions
 f - 3 potions of heal wounds {unknown}
 g - a potion of ambrosia {unknown}
 i - 4 potions of brilliance {unknown}
 p - a potion of degeneration {unknown}
 s - a potion of magic {unknown}
 t - a potion of resistance {unknown}
 z - 2 potions of curing {unknown}


   Skills:
 + Level 4.8 Fighting
 - Level 2.0 Armour
 - Level 1.0 Dodging
 - Level 1.0 Stealth
 - Level 3.0 Evocations


You had 4 spell levels left.
You didn't know any spells.
Your spell library contained the following spells:

 Spells                   Type           Power      Damage    Failure   Level
 Slow                     Hex            0%         N/A       80%         1
 Summon Small Mammal      Summ           0%         N/A       80%         1
 Cigotuvi's Dreadful Rot  Necr/Alch/Air  0%         N/A       91%         2
 Confusing Touch          Hex            0%         N/A       99%         3
 Sigil of Binding         Hex            0%         N/A       99%         3
 Vampiric Draining        Necr           0%         2d6       99%         3
 Dispel Undead            Necr           0%         3d6       100%        4
 Martyr's Knell           Necr/Summ      0%         N/A       100%        4
 Death Channel            Necr           0%         N/A       100%        6


Dungeon Overview and Level Annotations

Branches:
Dungeon (4/15)
 Temple: D:4-7

Altars:
Gozag
Kikubaaqudgha
Makhleb
The Shining One

Annotations:
D:3 2 transporters, 1 runed translucent door, exclusion: door, Crazy Yiuf; paps's ghost, amateur TrSh


Innate Abilities, Weirdness & Mutations

You regain HP and MP as you explore.


Message History

No target in view!
No target in view!
Found a stone staircase leading up.
You now have 310 gold pieces (gained 7).
B - a ring of poison resistance You see here a +0 short sword.
An orc comes into view.
It is wielding a +0 hand axe of freezing.
Found a mace.
An orc is nearby!
An orc is nearby!
An orc is nearby!
The orc barely misses you.
You hit the orc but do no damage. The orc hits you but does no damage.
You barely miss the orc. The orc closely misses you.
The orc hits you with a +0 hand axe of freezing.
The orc freezes you.
You hit the orc.
The orc is almost dead.
The orc hits you with a +0 hand axe of freezing.
The orc freezes you.
You hit the orc.
You kill the orc!
You now have 317 gold pieces (gained 7).
Things that are here:
a +0 hand axe of freezing; a +0 ring mail A jelly comes into view.
The jelly quivers.
The jelly hits you.
You are splashed with acid!
You hit the jelly but do no damage.
Your hands burn!
The jelly hits you. The acid corrodes you!
You are splashed with acid!
You hit the jelly but do no damage.
Your hands burn!
The jelly hits you.
You are splashed with acid!
* * * LOW HITPOINT WARNING * * *
You hit the jelly but do no damage.
Your hands burn!
* * * LOW HITPOINT WARNING * * *
The jelly hits you.
* * * LOW HITPOINT WARNING * * *
You are splashed with acid!
You die...
Your body crumbles into a pile of gold.

#.....................#.#.##.#
######.##############.#.#.##.#
........<# ..........#.#.##.#
.####..#.# ##...........#.##.#
.# #.....# #..........#<#.##.#
.###.....# #....#####.#.#.##.#
.#...###.# #.....# #.#.#.##.#
..>#...#.# #....J# #.#.#.##.#
######.#.#.####.@####.#.#.##.#
.......#.#............#.#.##.#
########.##############.#....#
#.................#####
###################


You could see a jelly.

Vanquished Creatures
  A hound (D:4)
  An orc wizard (D:4)
  2 adders
  A dart slug (D:2)
  A ribbon worm (D:2)
  6 orcs (D:4)
  3 ball pythons
  3 bats
  5 endoplasms
  2 giant cockroaches
  3 goblins
  7 hobgoblins
  6 jackals
  6 kobolds
  5 quokkas
  2 frilled lizards
  3 rats
57 creatures vanquished.

Vanquished Creatures (collateral kills)
  3 orcs (D:4)
3 creatures vanquished.

Grand Total: 60 creatures vanquished

Notes
Turn   | Place    | Note
-------+----------+-------------------------------------------
     0 | D:1      | H0rd4k the Human Artificer began the quest for the Orb.
     0 | D:1      | Reached XP level 1. HP: 15/15 MP: 1/1
   246 | D:1      | Reached skill level 2 in Fighting
   246 | D:1      | Reached XP level 2. HP: 16/22 MP: 2/2
   966 | D:2      | Found a faded altar of an unknown god.
   986 | D:2      | Got Plato's Teachings on Summoning
   995 | D:2      | Reached XP level 3. HP: 24/28 MP: 3/3
  1213 | D:2      | Reached skill level 3 in Fighting
  1560 | D:3      | Found a transporter.
  1560 | D:3      | Noticed an ogre
  1561 | D:3      | Noticed paps's ghost (amateur TrSh)
  1562 | D:3      | Found a transporter.
  1814 | D:3      | Reached XP level 4. HP: 21/37 MP: 4/4
  1892 | D:3      | Found an opulent altar of Gozag.
  2070 | D:3      | Became a worshipper of Gozag Ym Sagoz the Greedy
  2181 | D:3      | Found a glowing golden altar of the Shining One.
  2267 | D:3      | Found a runed translucent door.
  2268 | D:3      | Noticed Crazy Yiuf
  2697 | D:4      | Identified the +0 scale mail "Koplonwu" {-Tele Int+2 Dex+7}
  2717 | D:4      | Reached skill level 4 in Fighting
  2898 | D:4      | Found an ancient bone altar of Kikubaaqudgha.
  3234 | D:4      | Reached XP level 5. HP: 43/43 MP: 5/5
  3622 | D:4      | Found a burning altar of Makhleb.
  3775 | D:4      | HP: 1/43 [jelly (3)]
  3775 | D:4      | Splashed by a jelly's acid

Illustrated notes

Levels and vault maps discovered:
D:1:      mrwooster_arrival_arrow, layout_basic
D:2:      minmay_diamond_boxcup, layout_rooms,
          shapermc_ecumenical_altar_rom_forum
D:3:      layout_rooms, mainiacjoe_overflow_small_starburst,
          grunt_gozag_breadcrumbs, gammafunk_ghost_smash, serial_park_tiny_1,
          chequers_serial_rivers_marsh, uniq_crazy_yiuf_cottage
D:4:      layout_basic, kiku_gazebo_garden_becter, mainiacjoe_overflow_alcove_2

Skill      XL: |  1  2  3  4 |
---------------+-------------+-----
Fighting       | 2 3 4 |  4.8
Armour         | |  2.0
Dodging        | |  1.0
Stealth        | |  1.0
Evocations     | |  3.0

Action                     |  1- 3 |  4- 6 || total
---------------------------+-------+-------++-------
  Melee: Club              |   166 |    53 ||   219
         Punch             |     4 |     1 ||     5
         Mace              |       |    22 ||    22
  Evoke: Wand              |     4 |     7 ||    11
   Stab: Sleeping          |     6 |     1 ||     7
 Armour: Leather armour    |   112 |    48 ||   160
         Scale mail        |       |    17 ||    17
  Dodge: Dodged            |   122 |    42 ||   164
